[Event "Team 45 45 League T56"]
[Site "Internet Chess Club"]
[Date "2013.03.17"]
[Round "4"]
[White "tamky70"]
[Black "sere"]
[Result "0-1"]
[WhiteElo "1405"]
[BlackElo "1236"]
[Opening "Sicilian: closed"]
[ECO "B23"]
[Time "11:17:09"]
[TimeControl "2700+45"]

1. e4 c5 2. Nc3 d6 3. g3 Nf6 4. Bg2 Nc6 5. Nge2 g6 6. d3 Bg7 7. O-O O-O 8. f4
Ng4 9. h3 Nf6 10. Be3 Bd7 11. Qd2 Qc8 12. Kh2 e5 13. Nb5 exf4 14. Bxf4 Re8 15.
Nxd6 Qd8 16. Nxb7 Qe7 17. Bd6 Qe6 18. Nf4 Ng4+ 19. Kg1 Qf6 20. c3 Bh6 21. Nd5
Qe6 22. Qe2 Nf6 23. Rxf6 Qxd5 24. exd5 Rxe2 25. dxc6 Bf5 26. Bxc5 Rxb2 27. c7
Bg7 28. Rc6 Bxc3 29. c8=Q+ Bxc8 30. Nd6 Bd7 31. Rc7 Rd8 32. Rf1 Rxa2 33. Rxa7
Rxa7 34. Bxa7 Ba4 35. Bc5 Bc2 36. Bd5 Bxd3 37. Bxf7+ Kg7 38. Ne8+ Kh6 39. Rd1
Be5 40. Bf8+ Kh5 41. g4+ Kh4 42. Be7+ Kxh3 43. Bxd8 Bd4+ 44. Kh1 Be4# {White
checkmated} 0-1

[Event "Team 45 45 League T56"]
[Site "Internet Chess Club"]
[Date "2013.03.16"]
[Round "4"]
[White "MeansToAnEnd"]
[Black "Tribe97"]
[Result "1-0"]
[WhiteElo "1397"]
[BlackElo "1210"]
[Opening "Queen's gambit accepted"]
[ECO "D20"]
[Time "09:16:18"]
[TimeControl "2700+45"]

1. d4 d5 2. c4 dxc4 3. a4 Nc6 4. Nf3 Bg4 5. Bf4 e6 6. e3 Bb4+ 7. Nc3 Nf6 8. Bxc4
Ne4 9. Rc1 O-O 10. O-O Bxc3 11. bxc3 a6 12. h3 Bxf3 13. gxf3 Nf6 14. Rb1 b6 15.
Qd3 a5 16. Bb5 Na7 17. Bc4 Nh5 18. Bg3 Nxg3 19. fxg3 Qg5 20. Kg2 Nc6 21. Qe4
Rfe8 22. Bb5 Ne7 23. Bxe8 Rxe8 24. Rb5 Nf5 25. Rxf5 Qxf5 26. Qc6 Rc8 27. Qd7 Rf8
28. Qxc7 Qc2+ 29. Rf2 Qxa4 30. Qxb6 h6 31. Rb2 Rc8 32. Qb3 Qc6 33. Rc2 a4 34.
Qb4 Ra8 35. Ra2 Qa6 36. c4 a3 37. e4 f6 38. d5 exd5 39. exd5 Rc8 40. Qxa3 Qxc4
41. d6 Rd8 42. Rd2 Kf7 43. Qa7+ Ke6 44. Qe7+ Kf5 45. Qxd8 Qb4 46. Re2 Qc4 47.
Qd7+ Kg6 48. Qe8+ Kh7 49. d7 {Black resigns} 1-0

[Event "Team 45 45 League T56"]
[Site "Internet Chess Club"]
[Date "2013.03.17"]
[Round "4"]
[White "wildangels"]
[Black "JRussell2"]
[Result "1-0"]
[WhiteElo "1087"]
[BlackElo "1364"]
[Opening "Four knights: Spanish variation"]
[ECO "C48"]
[Time "10:05:30"]
[TimeControl "2700+45"]

1. e4 e5 2. Nf3 Nc6 3. Bb5 Nf6 4. Nc3 Be7 5. Bxc6 dxc6 6. d3 Bg4 7. O-O Bd6 8.
Bg5 O-O 9. Re1 Re8 10. h3 Bh5 11. a3 Re6 12. g4 Bg6 13. Nh4 Qe8 14. Qd2 Rd8 15.
b4 Be7 16. Kh1 Nd7 17. Ne2 Nf8 18. Nf5 Bxf5 19. exf5 Red6 20. Ng3 Bxg5 21. Qxg5
h6 22. Qe3 Nd7 23. Qxa7 Rb8 24. Ne4 Rd5 25. c4 Rxd3 26. Rad1 Rxh3+ 27. Kg2 Rb3
28. Rd2 Qc8 29. Qa4 Rxa3 30. Qxa3 Ra8 31. Qb3 b5 32. c5 Nf6 33. Qd3 Nxg4 34. Ng3
Qf8 35. Qe4 Nf6 36. Qxc6 Qb8 37. Rxe5 Ng4 38. Re7 Nf6 39. Rxc7 Qf8 40. Qxb5 Rb8
41. Rb7 Re8 42. c6 Kh7 43. c7 Ne4 44. Nxe4 Rxe4 45. Rb8 Qe7 46. c8=Q Qg5+ 47.
Kf1 Qxd2 48. Qh8# {Black checkmated} 1-0

[Event "Team 45 45 League T56"]
[Site "Internet Chess Club"]
[Date "2013.03.19"]
[Round "4"]
[White "seattleblues"]
[Black "Macovitski"]
[Result "1-0"]
[WhiteElo "1405"]
[BlackElo "1180"]
[Opening "Queen's pawn, Mason variation"]
[ECO "D00"]
[Time "20:10:07"]
[TimeControl "2700+45"]

1. d4 d5 2. Bf4 Nf6 3. e3 c5 4. c3 Nc6 5. Bd3 Qb6 6. Qc1 Bg4 7. Nd2 e6 8. Ngf3
Be7 9. O-O O-O 10. Ne5 Nxe5 11. dxe5 Nd7 12. Bg3 Rac8 13. Rb1 Qc7 14. f4 c4 15.
Bc2 Bc5 16. Nf3 Qb6 17. Nd4 Be7 18. Qe1 Nc5 19. Qd2 Rfd8 20. Kh1 Rf8 21. f5 exf5
22. Nxf5 Qd8 23. Nxe7+ Qxe7 24. Qxd5 Ne6 25. Qe4 f5 26. exf6 Ng5 27. Qxe7 {Black
resigns} 1-0

[Event "Team 45 45 League T56"]
[Site "Internet Chess Club"]
[Date "2013.03.17"]
[Round "4"]
[White "lawth3"]
[Black "medsurg"]
[Result "0-1"]
[WhiteElo "1278"]
[BlackElo "1313"]
[Opening "QGD: Cambridge Springs defense"]
[ECO "D52"]
[Time "20:00:20"]
[TimeControl "2700+45"]

1. d4 Nf6 2. c4 e6 3. Nf3 d5 4. Bg5 c6 5. e3 Nbd7 6. Nc3 Qa5 7. a3 dxc4 8. Bxc4
Ne4 9. b4 Bxb4 10. axb4 Qxb4 11. Qd3 Qxc3+ 12. Qxc3 Nxc3 13. O-O b5 14. Bd3 a5
15. Bf4 O-O 16. Rfc1 b4 17. Bc7 a4 18. Bd6 c5 19. Bxf8 Nxf8 20. dxc5 Nd7 21. Kf1
Nxc5 22. Bc4 Ba6 23. Bxa6 Rxa6 24. Nd2 Kf8 25. Rc2 Rd6 26. Nc4 Rd8 27. Ne5 Nb3
28. Re1 Rd6 29. Rb2 f6 30. Nc4 Ra6 31. Nd2 Nxd2+ 32. Rxd2 a3 33. Ra1 b3 34. Rd8+
Ke7 35. Rb8 b2 36. Rxa3 Rxa3 37. Rxb2 Ra1+ {White resigns} 0-1

[Event "Team 45 45 League T56"]
[Site "Internet Chess Club"]
[Date "2013.03.17"]
[Round "4"]
[White "AnthonySinkface"]
[Black "carolinaknight"]
[Result "0-1"]
[WhiteElo "1122"]
[BlackElo "1247"]
[Opening "French: exchange variation"]
[ECO "C01"]
[Time "15:00:13"]
[TimeControl "2700+45"]

1. e4 e6 2. d4 d5 3. exd5 exd5 4. Nc3 c6 5. Nf3 Bd6 6. Bd3 Ne7 7. O-O Bf5 8.
Bxf5 Nxf5 9. Re1+ Ne7 10. Ne5 O-O 11. Qg4 Ng6 12. Nxg6 hxg6 13. Bg5 Qd7 14. Qh4
Na6 15. a3 f6 16. Be3 Nc7 17. Na4 Ne6 18. Nc5 Nxc5 19. dxc5 Bc7 20. f4 Qf5 21.
Re2 Rae8 22. Rae1 Kf7 23. g3 Rh8 24. g4 Qd7 25. Qg3 d4 26. Bd2 Rxe2 27. Rxe2 Qd5
28. Qb3 Qxb3 29. cxb3 Rd8 30. Kg2 Rd5 31. b4 d3 32. Re4 f5 33. gxf5 gxf5 34. Rc4
Ke6 35. Kf3 Bd8 36. Ke3 Bf6 37. Bc1 g5 38. a4 gxf4+ 39. Kxf4 d2 40. Bxd2 Rxd2
41. Rc1 Rxb2 42. Re1+ Kf7 43. b5 Rb4+ 44. Kf3 Rxa4 45. bxc6 bxc6 46. Rd1 Ke7 47.
Re1+ Kd7 48. Kg2 Bc3 49. Rf1 f4 50. Rf3 Be5 51. h4 Bg7 52. Kh3 Ke6 53. Kg4 Rc4
54. Rxf4 Rxc5 55. h5 Bh6 56. Rb4 a5 57. Re4+ Re5 58. Rc4 Kd5 59. Ra4 Kd6 60.
Rd4+ Rd5 61. Ra4 Rb5 62. Rd4+ Kc7 63. Rd3 Rb4+ 64. Kf5 Rh4 65. Ra3 Kb6 66. Ke5
Rxh5+ 67. Ke4 Bf8 68. Rb3+ Kc7 69. Kd4 Rd5+ 70. Kc3 Rc5+ 71. Kb2 Bg7+ 72. Ka3
Bf8 73. Kb2 Rb5 74. Kc2 Rxb3 75. Kxb3 Kb6 76. Ka4 c5 77. Ka3 Kb5 78. Ka2 Kb4
{White resigns} 0-1

[Event "Team 45 45 League T56"]
[Site "Internet Chess Club"]
[Date "2013.03.18"]
[Round "4"]
[White "oldbookseller"]
[Black "WzeroMN"]
[Result "0-1"]
[WhiteElo "1046"]
[BlackElo "1012"]
[Opening "Queen's pawn: Yusupov-Rubinstein system"]
[ECO "A45"]
[Time "12:30:34"]
[TimeControl "2700+45"]

1. d4 Nf6 2. e3 e6 3. Nf3 c5 4. c3 cxd4 5. Nxd4 Bc5 6. Nf3 Nc6 7. Bd3 O-O 8. O-O
d5 9. Nbd2 e5 10. Ng5 h6 11. Ngf3 e4 12. Nxe4 dxe4 13. Ne1 exd3 14. Nxd3 b6 15.
Qf3 Bb7 16. Nf4 Ne5 17. Qxb7 Qb8 18. Qa6 Qc7 19. Qe2 Rad8 20. a3 Bd6 21. e4 Qc4
22. Qe3 Qxe4 23. b4 Qxe3 24. Bxe3 Nc4 25. Bd4 Bxf4 26. g3 Bc7 27. f4 Rfe8 28. h3
Ne3 29. Rf3 Nc2 30. Raf1 Nxd4 31. cxd4 Rxd4 32. Rc3 Bb8 33. Rcf3 Red8 34. Re3
Rd1 35. g4 Rxf1+ 36. Kxf1 Bxf4 37. Re1 Re8 38. Rd1 g5 39. h4 gxh4 40. Rd4 Bg5
41. Kg2 Re2+ 42. Kf1 Rd2 43. Rc4 Kg7 44. Rc8 Rd1+ 45. Ke2 Rd2+ 46. Ke1 Rd7
{White resigns} 0-1

[Event "Team 45 45 League T56"]
[Site "Internet Chess Club"]
[Date "2013.03.17"]
[Round "4"]
[White "joebobpop"]
[Black "mongmong"]
[Result "1-0"]
[WhiteElo "1699"]
[BlackElo "1562"]
[Opening "French: Tarrasch"]
[ECO "C03"]
[Time "22:09:36"]
[TimeControl "2700+45"]

1. e4 e6 2. d4 d5 3. Nd2 h6 4. Ngf3 Nf6 5. Bd3 c5 6. dxc5 dxe4 7. Bxe4 Nxe4 8.
Nxe4 Qxd1+ 9. Kxd1 Nc6 10. Be3 Be7 11. Ke2 Bd7 12. Bf4 O-O-O 13. Nd6+ Bxd6 14.
Bxd6 Nb4 15. c3 Nd5 16. Ne5 Be8 17. c4 Nf4+ 18. Kf1 f6 19. Nf3 Ng6 20. b4 Bc6
21. Nd4 e5 22. Nxc6 bxc6 23. b5 Kb7 24. a4 Nh4 25. a5 Nf5 26. Rd1 a6 27. b6 Rd7
28. g4 Nd4 29. f4 Re8 30. Kg2 Nb3 31. Rde1 Nxa5 32. fxe5 fxe5 33. Re4 Nb3 34.
Rhe1 Nd2 35. Rd4 Nb3 36. Rdd1 Na5 37. Re4 Re6 38. Rde1 Nb3 39. Rxe5 Rxe5 40.
Rxe5 Nd2 41. Re8 a5 42. Rb8+ Ka6 43. Ra8+ Kb7 44. Ra7+ Kc8 45. Rxd7 Kxd7 46. b7
{Black resigns} 1-0

[Event "Team 45 45 League T56"]
[Site "Internet Chess Club"]
[Date "2013.03.13"]
[Round "4"]
[White "MinnArkie"]
[Black "LiangLiang"]
[Result "1-0"]
[WhiteElo "1605"]
[BlackElo "1745"]
[Opening "English, 1...Nf6 (Anglo-Indian defense)"]
[ECO "A15"]
[Time "22:00:33"]
[TimeControl "2700+45"]

1. c4 Nf6 2. g3 c6 3. Bg2 d5 4. Nc3 g6 5. d3 Bg7 6. Bg5 O-O 7. Bxf6 Bxf6 8. Rb1
Qa5 9. Qd2 e6 10. b4 Qc7 11. Nf3 Rd8 12. c5 a5 13. a3 axb4 14. axb4 Ra3 15. d4
Na6 16. e3 e5 17. Nxe5 Bxe5 18. dxe5 Qxe5 19. Ne2 Bf5 20. Qb2 Qxb2 21. Rxb2 Ra4
22. b5 Nxc5 23. bxc6 bxc6 24. O-O Nd3 25. Rd2 c5 26. Nc3 d4 27. Nxa4 Rb8 28.
exd4 cxd4 29. Bc6 Ne5 30. Bd5 d3 31. f4 Ng4 32. Nc5 Ne3 33. Bxf7+ Kxf7 34. Rc1
Rc8 35. Nxd3 Rd8 36. Ne5+ Ke8 37. Rxd8+ Kxd8 38. Nf7+ Kd7 39. Ng5 h5 40. Nf3 Nc2
41. Kf2 Kd6 42. Nh4 Nd4 43. Nxf5+ Nxf5 44. h3 Kd5 45. g4 hxg4 46. hxg4 Nh6 47.
Kf3 Kd6 48. Re1 Nf7 49. Re8 g5 50. fxg5 Nxg5+ 51. Kf4 Ne6+ 52. Rxe6+ Kxe6 53.
Kg5 Kf7 54. Kh6 Kg8 55. Kg6 Kf8 56. Kh7 Kf7 57. g5 Kf8 58. g6 Ke7 59. g7 {Black
resigns} 1-0

[Event "Team 45 45 League T56"]
[Site "Internet Chess Club"]
[Date "2013.03.14"]
[Round "4"]
[White "DouDou"]
[Black "ChessMaine"]
[Result "1-0"]
[WhiteElo "1767"]
[BlackElo "1436"]
[Opening "French: Fort Knox variation"]
[ECO "C03"]
[Time "21:30:57"]
[TimeControl "2700+45"]

1. e4 e6 2. d4 d5 3. Nd2 dxe4 4. Nxe4 Bd7 5. Nf3 Bc6 6. Bd3 Nd7 7. Bf4 Ngf6 8.
Nxf6+ Nxf6 9. c3 Bd6 10. Bxd6 Qxd6 11. O-O Bxf3 12. Qxf3 c6 13. Rfe1 O-O-O 14.
Rad1 h5 15. h3 Rh6 16. Re5 Rg8 17. Rg5 Qe7 18. Qg3 h4 19. Qe5 Ne8 20. Qe3 Rgh8
21. Re1 Rh5 22. Rg4 f5 23. Rg6 Nc7 24. Qe5 Rg5 25. Bxf5 Rxg6 26. Bxg6 Rh6 27.
Bd3 Rf6 28. c4 Qb4 29. Re2 Qa4 30. b3 Qa3 31. Qg5 Qf8 32. Qxh4 Ne8 33. Qg3 Nd6
34. Qe5 Nf7 35. Qa5 a6 36. d5 exd5 37. cxd5 Qd6 38. Bc4 Rf5 39. Re6 Qd7 40. dxc6
Qd1+ 41. Re1 Rxa5 42. Rxd1 Ne5 43. cxb7+ Kxb7 44. Rd5 Nxc4 45. bxc4 Rxa2 46.
Rd7+ Kb6 47. Rxg7 a5 48. Rg5 Rc2 49. h4 a4 50. Rb5+ Ka6 51. h5 a3 52. Rb1 Rb2
53. Ra1 a2 54. Kh2 Rxf2 55. h6 Rf6 56. Rxa2+ Kb6 57. c5+ Kxc5 58. Ra5+ Kd4 59.
Rh5 Rf8 60. h7 Rh8 61. g4 Ke4 62. Kh3 Kf4 63. Kh4 Ke4 64. Kg5 Ke5 65. Kg6+ Ke6
66. Kg7 Ra8 67. h8=Q Ra7+ 68. Kg6 {Black resigns} 1-0

[Event "Team 45 45 League T56"]
[Site "Internet Chess Club"]
[Date "2013.03.16"]
[Round "4"]
[White "Schack"]
[Black "SugarIslander"]
[Result "0-1"]
[WhiteElo "1683"]
[BlackElo "1646"]
[Opening "Caro-Kann: exchange variation"]
[ECO "B13"]
[Time "14:00:51"]
[TimeControl "2700+45"]

1. e4 c6 2. d4 d5 3. exd5 cxd5 4. Bf4 e6 5. c3 Nc6 6. Bd3 Bd6 7. Bxd6 Qxd6 8.
Nf3 h6 9. O-O Nf6 10. Re1 Qc7 11. Nbd2 a6 12. Ne5 Nxe5 13. dxe5 Nd7 14. f4 Qb6+
15. Kh1 Qxb2 16. Nc4 dxc4 17. Bxc4 Qb6 18. Qg4 O-O 19. Rad1 Qc7 20. Bf1 b5 21.
Re3 Nc5 22. Rg3 f5 23. Qh5 Ne4 24. Rf3 Bb7 25. Qg6 Qf7 {White resigns} 0-1

[Event "Team 45 45 League T56"]
[Site "Internet Chess Club"]
[Date "2013.03.16"]
[Round "4"]
[White "oldsj"]
[Black "spongenotbob"]
[Result "0-1"]
[WhiteElo "1577"]
[BlackElo "1828"]
[Opening "Caro-Kann: Panov-Botvinnik attack"]
[ECO "B13"]
[Time "16:01:18"]
[TimeControl "2700+45"]

1. e4 c6 2. d4 d5 3. exd5 cxd5 4. c4 Nf6 5. Nc3 Nc6 6. Nf3 Bg4 7. Be3 e6 8. cxd5
Nxd5 9. Nxd5 Qxd5 10. Be2 Bb4+ 11. Bd2 Bxf3 12. Bxf3 Qxd4 13. Bxc6+ bxc6 14.
Bxb4 Qxb4+ 15. Qd2 Qxd2+ 16. Kxd2 Ke7 17. Rac1 Rad8+ 18. Ke3 Rd6 19. Rhd1 Rxd1
20. Rxd1 Rd8 21. Rxd8 Kxd8 22. b4 Kc7 23. Kd4 Kd6 24. f4 h6 25. g3 h5 26. h3 g6
27. g4 f6 28. gxh5 gxh5 29. h4 Kc7 30. Kc5 e5 31. fxe5 fxe5 32. a3 Kd7 33. a4 a6
34. Kc4 Kd6 35. Kd3 Kd5 36. Ke3 e4 37. Ke2 Kd4 38. Kd2 e3+ 39. Ke2 Ke4 40. Ke1
Kd3 41. Kd1 Kc4 42. Ke2 Kxb4 43. Kxe3 Kc3 44. a5 c5 45. Ke2 c4 46. Kd1 Kb2
{White resigns} 0-1

[Event "Team 45 45 League T56"]
[Site "Internet Chess Club"]
[Date "2013.03.17"]
[Round "4"]
[White "drsigmund1"]
[Black "rayonline53"]
[Result "0-1"]
[WhiteElo "1576"]
[BlackElo "1538"]
[Opening "Queen's pawn game"]
[ECO "A46"]
[Time "13:31:33"]
[TimeControl "2700+45"]

1. d4 Nf6 2. Nf3 c5 3. c3 g6 4. Bf4 Bg7 5. e3 O-O 6. h3 d5 7. Be2 b6 8. O-O Bb7
9. Nbd2 Nc6 10. Rc1 c4 11. b3 b5 12. Qc2 Re8 13. bxc4 bxc4 14. e4 e6 15. exd5
exd5 16. Rfe1 Ne4 17. Rb1 Ba6 18. Qa4 Nxc3 19. Qxc6 Nxe2+ 20. Rxe2 Rxe2 21. Qxa6
Re6 22. Qb7 Rb6 23. Rxb6 axb6 24. Bc7 Qe8 25. Qxd5 b5 26. Ne4 Rxa2 27. Nd6 Qd7
28. Qc5 Rb2 29. Qb6 c3 30. Qb8+ Bf8 31. Ne5 Qe6 32. Ne4 c2 33. Bd6 c1=Q+ 34. Kh2
Qcc8 35. Nf6+ Kg7 36. Ne8+ {White resigns} 0-1

[Event "Team 45 45 League T56"]
[Site "Internet Chess Club"]
[Date "2013.03.16"]
[Round "4"]
[White "nanning"]
[Black "SpeedBlade"]
[Result "0-1"]
[WhiteElo "1616"]
[BlackElo "1635"]
[Opening "Caro-Kann: exchange, Rubinstein variation"]
[ECO "B13"]
[Time "13:00:35"]
[TimeControl "2700+45"]

1. e4 c6 2. d4 d5 3. exd5 cxd5 4. Bd3 Nc6 5. c3 Nf6 6. Bf4 Bg4 7. Qb3 e5 8. dxe5
Nh5 9. Be3 Nxe5 10. Bb5+ Nc6 11. h3 Be6 12. Qa4 Bd7 13. Nf3 Bd6 14. O-O a6 15.
Bxc6 Bxc6 16. Qd4 O-O 17. Ne5 Nf6 18. Nxc6 bxc6 19. b4 a5 20. Nd2 axb4 21. cxb4
h6 22. Rfc1 Qc7 23. a3 Bh2+ 24. Kf1 Be5 25. Qc5 Bxa1 26. Rxa1 Qh2 27. Nf3 Qh1+
28. Ng1 Rfc8 29. a4 Ne4 30. Qc2 c5 31. bxc5 Rc6 32. a5 Rf6 33. c6 Ng3+ {White
resigns} 0-1

[Event "Team 45 45 League T56"]
[Site "Internet Chess Club"]
[Date "2013.03.16"]
[Round "4"]
[White "ethan0627"]
[Black "Aquaman"]
[Result "1-0"]
[WhiteElo "1291"]
[BlackElo "1323"]
[Opening "Robatsch defense"]
[ECO "B34"]
[Time "15:00:31"]
[TimeControl "2700+45"]

1. e4 g6 2. Nc3 Bg7 3. d4 c5 4. Nf3 cxd4 5. Nxd4 Nc6 6. Be3 e5 7. Ndb5 Bf8 8.
Nd6+ Bxd6 9. Qxd6 Qe7 10. O-O-O Qxd6 11. Rxd6 b6 12. Bb5 Bb7 13. Rhd1 O-O-O 14.
f4 exf4 15. Bxf4 h6 16. h4 a6 17. Bc4 Rh7 18. Nd5 b5 19. Be2 h5 20. Nb6+ Kc7 21.
Nxd7 Rxd7 22. Rxd7+ Kc8 23. Rc7+ Kb8 24. Rxf7+ Ka7 25. Rxh7 {Black resigns} 1-0

[Event "Team 45 45 League T56"]
[Site "Internet Chess Club"]
[Date "2013.03.21"]
[Round "4"]
[White "semperfi"]
[Black "rapidfire"]
[Result "1-0"]
[WhiteElo "1375"]
[BlackElo "1088"]
[Opening "King's Indian, 3.Nf3"]
[ECO "E90"]
[Time "18:00:47"]
[TimeControl "2700+45"]

1. d4 Nf6 2. Nf3 g6 3. c4 Bg7 4. Nc3 O-O 5. e4 d6 6. Bd3 Bg4 7. O-O Nc6 8. Be3
Nb4 9. Be2 c5 10. d5 Nd7 11. Ng5 Bxe2 12. Qxe2 Ne5 13. a3 Na6 14. f4 f6 15. Ne6
Qd7 16. Nxf8 Qc8 17. fxe5 Qxf8 18. exf6 Bxf6 19. Qg4 Qg7 20. Bd2 Bd4+ 21. Kh1
Be5 22. Qe6+ Kh8 23. Qf7 Rf8 24. Qxf8+ Qxf8 25. Rxf8+ Kg7 26. Raf1 Bf6 27. Rd8
e5 28. dxe6 Bxd8 29. Rf7+ Kg8 30. Nd5 Nb8 31. Bh6 Nc6 32. Rf8# {Black
checkmated} 1-0

[Event "Team 45 45 League T56"]
[Site "Internet Chess Club"]
[Date "2013.03.17"]
[Round "4"]
[White "MasterD"]
[Black "RobertBuice"]
[Result "1-0"]
[WhiteElo "1195"]
[BlackElo "1072"]
[Opening "Caro-Kann: advance variation"]
[ECO "B12"]
[Time "21:07:59"]
[TimeControl "2700+45"]

1. e4 c6 2. d4 d5 3. e5 Bf5 4. Nf3 e6 5. Bd3 Nd7 6. O-O Bb4 7. Bxf5 exf5 8. Bg5
Qc7 9. c3 Ba5 10. Nbd2 Ne7 11. Nb3 h6 12. Bxe7 Kxe7 13. Qd3 f4 14. a4 g5 15.
Rfe1 g4 16. Nh4 Rag8 17. Qf5 f3 18. g3 c5 19. e6 Rg5 20. Qxf7+ Kd6 21. Qxd7+
Qxd7 22. exd7 Kxd7 23. Nxa5 cxd4 24. cxd4 Kc7 25. Re7+ Kb6 26. Nxb7 Rc8 27. a5+
Ka6 28. Nc5+ Kb5 29. Rxa7 Kc4 30. a6 Re8 31. h3 gxh3 32. Nxf3 Rg4 33. Ne5+ Rxe5
34. dxe5 h5 35. Rc1+ Kd4 36. e6 h4 37. Kh2 hxg3+ 38. fxg3 Ke3 39. e7 Kf3 40.
e8=Q Rxg3 41. Rf1+ Kg4 42. Qg8+ Kh4 43. Rh7# {Black checkmated} 1-0

[Event "Team 45 45 League T56"]
[Site "Internet Chess Club"]
[Date "2013.03.16"]
[Round "4"]
[White "globulon"]
[Black "Conjurer"]
[Result "0-1"]
[WhiteElo "1302"]
[BlackElo "1520"]
[Opening "Sicilian defense"]
[ECO "B34"]
[Time "21:03:34"]
[TimeControl "2700+45"]

1. e4 c5 2. Nf3 Nc6 3. d4 cxd4 4. Nxd4 g6 5. Be3 Bg7 6. Qd2 d5 7. Nc3 Nf6 8.
exd5 Nxd5 9. Nxc6 bxc6 10. O-O-O O-O 11. Bd4 Be6 12. Bxg7 Kxg7 13. h4 Nf6 14.
Bd3 Qa5 15. a3 Qb6 16. h5 Rab8 17. b4 c5 18. Na4 Qc6 19. Nxc5 Qd5 20. hxg6 Qa2
21. Qh6+ Kg8 22. gxf7+ Rxf7 23. Qg5+ Kh8 24. Rh6 Qxa3+ 25. Kd2 Qxb4+ 26. Ke2
Qg4+ 27. Qxg4 Bxg4+ 28. f3 Bc8 29. Rdh1 Bb7 30. Nxb7 Rxb7 31. g4 e5 32. Bg6 Rg7
33. g5 Nd5 34. Bxh7 Rxh7 35. g6 Nf4+ 36. Ke3 Nxg6 37. Ke4 Rxh6 38. Rxh6+ Kg7 39.
Rh5 Re7 40. Kf5 a5 41. Rg5 Rf7+ 42. Ke6 Rxf3 43. c4 a4 44. Rg2 a3 45. c5 Kh6 46.
Rh2+ Kg5 47. c6 Rc3 48. Kd7 Nf8+ 49. Ke7 Rxc6 50. Kxf8 Kf4 51. Rf2+ Ke3 52. Ra2
Rc3 53. Kf7 Kf3 54. Ke6 e4 {White resigns} 0-1

[Event "Team 45 45 League T56"]
[Site "Internet Chess Club"]
[Date "2013.03.18"]
[Round "4"]
[White "kirkig"]
[Black "jjaco"]
[Result "1-0"]
[WhiteElo "1061"]
[BlackElo "1121"]
[Opening "QGA, 4.Nc3"]
[ECO "D24"]
[Time "14:00:28"]
[TimeControl "2700+45"]

1. d4 d5 2. Nf3 Nf6 3. c4 dxc4 4. Nc3 e6 5. e4 Nc6 6. Bxc4 Bb4 7. O-O O-O 8. Re1
Re8 9. Bg5 h6 10. Bh4 g5 11. Bg3 a6 12. a3 Be7 13. e5 Nh5 14. Rc1 Nxg3 15. fxg3
f6 16. Rc2 f5 17. h4 g4 18. Nh2 b5 19. Ba2 Nxd4 20. Rd2 c5 21. b4 a5 22. Kh1
axb4 23. axb4 Ra3 24. Nxb5 Rxg3 25. Nxd4 cxd4 26. Rxd4 Qb6 27. Qd2 Kg7 28. Nf1
Qb7 29. Nxg3 Bxh4 30. Qe3 Bg5 31. Qc3 Kg6 32. Ne2 Qa6 33. Bc4 Qc6 34. Nf4+ Kg7
35. Qd3 Kf7 36. Qxf5+ Kg7 37. Nh5+ Kh8 38. Qd3 Bb7 39. Rg1 Rf8 40. Rxg4 Rf2 41.
b5 Qc5 42. Bd5 Bxd5 43. Rf1 Rd2 44. Qg6 Rf2 45. Qg7# {Black checkmated} 1-0

[Event "Team 45 45 League T56"]
[Site "Internet Chess Club"]
[Date "2013.03.18"]
[Round "4"]
[White "wekabird"]
[Black "theartist"]
[Result "0-1"]
[WhiteElo "1103"]
[BlackElo "1132"]
[Opening "English opening"]
[ECO "A22"]
[Time "17:01:35"]
[TimeControl "2700+45"]

1. c4 e5 2. Nc3 Nf6 3. e4 Bc5 4. h3 d6 5. Nf3 Nc6 6. d3 O-O 7. g3 Nd4 8. Nxd4
Bxd4 9. Ne2 Bc5 10. a3 a5 11. Bg2 h6 12. O-O c6 13. Rb1 Qb6 14. Nc3 Be6 15. Na4
Qa7 16. Nxc5 Qxc5 17. Be3 Qa7 18. Bxa7 Rxa7 19. b4 b6 20. b5 c5 21. f4 Rd8 22.
f5 Bc8 23. a4 Ne8 24. Kh2 Nf6 25. g4 Nh7 26. Qc1 f6 27. Qc2 Bd7 28. Qf2 Be8 29.
h4 Rf7 30. Bh3 Rdd7 31. Rg1 Nf8 32. Qd2 g5 33. hxg5 hxg5 34. Kg3 Rh7 35. Rh1
Rhg7 36. Rbg1 Nh7 37. Rh2 Kf8 38. Rgh1 Ke7 39. Bg2 Kd8 40. Rh6 Rdf7 41. Rg6 Nf8
42. Rxg7 Rxg7 43. Rh8 Nh7 44. Qe1 Ke7 45. Qh1 Nf8 46. Qh6 Kf7 47. Qh5+ Ke7 48.
Qh6 Kf7 49. Qh1 Ke7 50. Rh6 Nd7 51. Rh7 Kf7 52. Rxg7+ Kxg7 53. Qd1 Bf7 54. Kf3
Bg8 55. Ke3 Bf7 56. d4 cxd4+ 57. Kd3 Nc5+ 58. Kc2 Bxc4 59. Bf1 Bb3+ 60. Kb2 Bxd1
61. Bc4 Nxa4+ 62. Ka3 Nc5 63. Bd5 Ba4 64. Bc6 Bd1 65. Bd5 Bxg4 66. Be6 Nxe4 67.
Kb3 Ng3 68. Kc4 Bxf5 69. Kd5 Bxe6+ 70. Kxe6 d3 71. Kxd6 d2 72. Kc6 d1=Q 73. Kxb6
Qa4 74. Ka6 Qxb5+ 75. Kxb5 e4 {White resigns} 0-1

[Event "Team 45 45 League T56"]
[Site "Internet Chess Club"]
[Date "2013.03.17"]
[Round "4"]
[White "QuieroAprender"]
[Black "kevinbliu"]
[Result "1/2-1/2"]
[WhiteElo "1603"]
[BlackElo "1575"]
[Opening "Sicilian: Najdorf, Adams attack"]
[ECO "B23"]
[Time "15:14:52"]
[TimeControl "2700+45"]

1. e4 c5 2. Nc3 d6 3. Nf3 Nf6 4. h3 a6 5. d4 cxd4 6. Nxd4 e5 7. Nf3 Be6 8. Bd3
Nbd7 9. O-O Be7 10. Be3 b5 11. Ng5 O-O 12. Nxe6 fxe6 13. Ne2 Nb6 14. b3 Rc8 15.
c4 bxc4 16. Bxb6 Qxb6 17. Bxc4 Rxc4 18. bxc4 Nxe4 19. Rb1 Qc5 20. Qc2 Rxf2 21.
Qxe4 Rxe2+ 22. Kh1 Rf2 {Game drawn by mutual agreement} 1/2-1/2

[Event "Team 45 45 League T56"]
[Site "Internet Chess Club"]
[Date "2013.03.17"]
[Round "4"]
[White "SATELLITE-DAN"]
[Black "Marcosm06"]
[Result "0-1"]
[WhiteElo "1512"]
[BlackElo "1671"]
[Opening "Sicilian: Najdorf, Lipnitzky attack"]
[ECO "B86"]
[Time "10:08:20"]
[TimeControl "2700+45"]

1. e4 c5 2. Nf3 d6 3. d4 cxd4 4. Nxd4 Nf6 5. Nc3 a6 6. Bc4 e6 7. O-O Qc7 8. Bd3
Be7 9. Be3 Nbd7 10. Rc1 Nc5 11. f4 b5 12. b4 Ncd7 13. Nce2 Nb6 14. Nf3 Bb7 15.
Ng3 Rc8 16. Qe2 O-O 17. Bd4 Nc4 18. e5 Nd5 19. Nd2 Nxb4 20. Nh5 d5 21. Nxg7 Nxd2
22. Qh5 Nxd3 23. f5 Nxc1 24. fxe6 fxe6 {White resigns} 0-1

[Event "Team 45 45 League T56"]
[Site "Internet Chess Club"]
[Date "2013.03.17"]
[Round "4"]
[White "arvindsp"]
[Black "jps7"]
[Result "0-1"]
[WhiteElo "1509"]
[BlackElo "1789"]
[Opening "French: Winawer, advance variation"]
[ECO "C16"]
[Time "11:00:35"]
[TimeControl "2700+45"]

1. e4 e6 2. d4 d5 3. Nc3 Bb4 4. e5 Ne7 5. Nf3 c5 6. dxc5 Bxc3+ 7. bxc3 Qa5 8.
Qd4 Nbc6 9. Qe3 Nf5 10. Qd3 Qxc5 11. Bf4 b6 12. Qd2 O-O 13. Bd3 Nfe7 14. O-O Ng6
15. Bxg6 fxg6 16. Be3 Qe7 17. Bg5 Qf7 18. Rfe1 Na5 19. Bh4 Nc4 20. Qe2 a5 21.
Nd4 Ba6 22. Nb3 Nd6 23. Qd2 Nf5 24. Bg3 Nxg3 25. fxg3 h6 26. Nd4 Rac8 27. Ne2
Qf2+ 28. Kh1 Bxe2 29. Qxe2 Qxe2 30. Rxe2 Rxc3 31. h3 Rfc8 32. Rc1 Rxg3 33. Rb1
Rc6 34. Kh2 Rgc3 35. g4 Rxc2 36. Rxc2 Rxc2+ 37. Kg3 Rc6 38. Kf4 g5+ 39. Kg3 Kf7
40. Rb3 Ke7 41. h4 gxh4+ 42. Kxh4 g6 43. g5 h5 44. Rf3 Rc4+ 45. Kg3 Rg4+ 46. Kh3
Rxg5 47. Rb3 Rxe5 48. Rxb6 d4 49. Rb2 d3 {White resigns} 0-1

[Event "Team 45 45 League T56"]
[Site "Internet Chess Club"]
[Date "2013.03.14"]
[Round "4"]
[White "Helaman"]
[Black "ticopatzer"]
[Result "1-0"]
[WhiteElo "1848"]
[BlackElo "1679"]
[Opening "Sicilian: Nimzovich-Rossolimo attack (without ...d6)"]
[ECO "B30"]
[Time "19:01:57"]
[TimeControl "2700+45"]

1. e4 c5 2. Nf3 Nc6 3. Bb5 e6 4. Bxc6 bxc6 5. d3 d5 6. c4 d4 7. Qe2 Bd6 8. e5
Bc7 9. O-O Ne7 10. Bf4 Rb8 11. b3 Ng6 12. Bg3 O-O 13. Nbd2 f5 14. exf6 Rxf6 15.
Ne5 Nxe5 16. Bxe5 Rf5 17. Bxc7 Qxc7 18. Rfe1 Bd7 19. Ne4 Rbf8 20. f3 Rh5 21. Ng3
Rg5 22. Kh1 h5 23. Ne4 Rgf5 24. Ng3 Rg5 25. Rad1 h4 26. Ne4 Rgf5 27. h3 Bc8 28.
Rb1 Qe7 29. a3 a5 30. Rb2 R8f7 31. Reb1 Qc7 32. b4 cxb4 33. axb4 axb4 34. Rxb4
Ra5 35. Qb2 Qd8 36. Rb8 Rfa7 37. Qb6 R5a6 38. Qxd8+ {Black resigns} 1-0